 Dungeon Crawl Stone Soup version 0.17-a0-755-g4391640 (webtiles) character file.

15529 oplop the Fighter (level 12, 0/138 HPs)
             Began as a Kobold Berserker on Apr 22, 2015.
             Was a High Priest of Trog.
             Slain by a slime creature (11 damage)
             ... on level 12 of the Dungeon.
             The game lasted 00:35:57 (12306 turns).

oplop the Fighter (Kobold Berserker)               Turns: 12306, Time: 00:35:57

Health: 0/138      AC:  9    Str: 22    XL:     12   Next: 58%
Magic:  12/12      EV: 22    Int:  3    God:    Trog [*****.]
Gold:   530        SH:  0    Dex: 19    Spells: 0 memorised, 11 levels left

rFire  . . .     SeeInvis +     a - +3 dagger (venom)
rCold  . . .     Clarity  .     S - +1 scale mail {MR+}
rNeg   . . .     SustAb   .     (shield restricted)
rPois  .         Gourm    .     E - +0 helmet
rElec  .         Spirit   .     (no cloak)
rCorr  .         Warding  .     (no gloves)
rMut   +         Stasis   .     (no boots)
MR     +++..                    F - amulet of resist mutation (curse)
Stlth  ..........               G - ring of see invisible
                                (no ring)

@: berserking, regenerating, very quick, extremely resistant to hostile
enchantments, extremely unstealthy
A: breathe flames 1, carnivore 3, dopey 1, robust 1
a: Burn Spellbooks, Berserk, Trog's Hand, Brothers in Arms, Renounce Religion,
Breathe Fire


You were on level 12 of the Dungeon.
You worshipped Trog.
Trog was extremely pleased with you.
You were hungry.

You visited 1 branch of the dungeon, and saw 12 of its levels.

You collected 692 gold pieces.
You spent 162 gold pieces at shops.

Inventory:

Hand weapons
 a - a +3 dagger of venom (weapon)
 b - the +1 hunting sling "Amal" {flame, rPois MP+9 Int+4}
   (You bought it in a shop on level 5 of the Dungeon)

   It causes projectiles fired from it to burn those they strike, causing extra
   injury to most foes and up to half again as much damage against particularly
   susceptible opponents.
   It affects your intelligence (+4).
   It protects you from poison.
   It affects your magic capacity (+9).
 u - a +0 blowgun
Missiles
 e - 2 throwing nets (quivered)
 f - 11 sling bullets of frost
 p - 15 poisoned sling bullets
 q - 31 sling bullets
 v - 61 poisoned needles
 z - 14 curare-tipped needles
 C - 15 sling bullets of flame
 H - 22 exploding sling bullets
Armour
 y - the +0 scale mail "Quschirhusm" {Str-2 Int+3 Dex+12}
   (You found it on level 7 of the Dungeon)

   It affects your strength (-2).
   It affects your intelligence (+3).
   It affects your dexterity (+12).
 E - a +0 helmet (worn)
 S - a +1 scale mail of magic resistance (worn)
Rods
 U - a +0 rod of ignition (3/13)
   (You found it on level 12 of the Dungeon)
Jewellery
 j - an uncursed ring of positive energy
 l - an uncursed ring of flight
 n - an uncursed amulet of guardian spirit
 t - an uncursed ring of teleportation
 F - a cursed amulet of resist mutation (around neck)
 G - a ring of see invisible (right hand)
 I - an uncursed ring of flight
 T - an uncursed amulet of resist corrosion
Magical devices
 h - a wand of digging (6)
 s - a wand of lightning (4)
 K - a wand of invisibility (4)
 X - a wand of disintegration (4)
Scrolls
 g - a scroll of recharging
 i - 2 scrolls of remove curse
 k - a scroll of fog
 r - 3 scrolls of teleportation
 w - 2 scrolls of identify
 A - a scroll of brand weapon {unknown}
 B - 3 scrolls of immolation
 D - a scroll of fear {unknown}
 N - a scroll of blinking
 O - a scroll of magic mapping
 P - a scroll of enchant weapon
Potions
 d - 3 potions of cure mutation
 o - a potion of haste
 x - a potion of curing
 J - 2 potions of restore abilities {unknown}
 L - 2 potions of heal wounds
 R - a potion of might
 Y - a potion of brilliance
Comestibles
 c - 4 meat rations
 m - 7 beef jerkies
 M - 8 slices of pizza


   Skills:
 + Level 13.8 Fighting
 - Level 9.3 Short Blades
 - Level 9.1 Slings
 - Level 4.2 Armour
 + Level 12.2 Dodging


You had 11 spell levels left.
You didn't know any spells.

Dungeon Overview and Level Annotations

Branches:
Dungeon (12/15)            Temple (0/1) D:5            Lair (0/8) D:8
    Orc (0/4) D:9

Altars:
Ashenzari
Cheibriados
Dithmenos
Elyvilon
Fedhas
Gozag
Kikubaaqudgha
Nemelex Xobeh
Sif Muna
Trog
Xom
The Shining One
Beogh

Shops:
D:4 [([   D:5 *

Annotations:
D:12 exclusion: ice statue


Innate Abilities, Weirdness & Mutations

You are small and have problems with some larger weapons.
You are carnivorous and can eat meat at any time.
You can breathe flames.
You are dopey. (Int -2)
You are robust (+10% HP).


Message History

You feel yourself moving faster!
You feel mighty!
You feel somewhat more hungry.
The centaur skeleton hits you but does no damage.
The slime creature closely misses you.
The centaur skeleton hits you but does no damage.
You puncture the centaur skeleton!
You feel the power of Trog in you as your rage grows.
You destroy the centaur skeleton!
Found a meat ration.
You hit the slime creature.
The slime creature is lightly wounded.
You hit the slime creature.
The slime creature is lightly wounded.
The slime creature barely misses you.
You puncture the slime creature!
The slime creature is moderately wounded.
You puncture the slime creature!
The slime creature is heavily wounded.
The slime creature hits you!
You die...

#.#.# #.#.# #..... #.#.#
#.#.# #..... #.#.# #.#.#
#..... #.#.# #.#.# #.....
#.#.# #.#.# #..... #.#.#
#<#.. #.....
#.#.########## #.....
#.#........J.# #.....
#.####...###@# #..... #.#
#...# #.# ###### #.# #...#
#.# #.# #)..# #.# #.#
#...# #.# #.# #...# #.#
#.# ##### #.# #.# %..
##.#######################


You could see a slime creature.

Vanquished Creatures
  Sonja (D:11)
  Nergalle (D:11)
  2 hill giants
  A cyclops (D:11)
  An elephant (D:8)
  A gargoyle (D:12)
  Psyche (D:9)
  2 centaur skeletons (D:12)
  A kobold demonologist (D:11)
  A freezing wraith (D:12)
  2 trolls
  The ghost of sose the Chiller, an experienced VSIE (D:7)
  A two-headed ogre (D:12)
  4 polar bears (D:8)
  3 slime creatures (D:12)
  A trapdoor spider zombie (D:12)
  18 yaks
  Sigmund (D:2)
  A deep elf mage (D:9)
  A human (D:7)
  A wraith (D:10)
  2 hungry ghosts (D:10)
  A hippogriff (D:8)
  A wolf (D:8)
  A water moccasin (D:12)
  2 orc warriors
  5 ice beasts
  3 phantoms
  A necrophage (D:8)
  3 sky beasts
  A wasp (D:11)
  2 big kobolds
  A crocodile (D:9)
  7 centaurs
  4 ogres
  A gnoll sergeant (D:6)
  A wyvern zombie (D:6)
  5 giant frogs
  5 wights (D:11)
  3 killer bees (D:7)
  5 scorpions
  2 goliath beetles (D:8)
  3 crimson imps
  A quasit (D:11)
  2 electric eels (D:8)
  2 jellies
  A giant frog skeleton (D:10)
  5 iguanas
  8 orc priests
  7 orc wizards
  3 hounds
  3 worker ants
  5 sheep
  A giant frog simulacrum (D:8)
  12 gnolls
  12 adders
  A shadow imp (D:8)
  2 white imps (D:8)
  An ufetubus (D:8)
  An ooze (D:1)
  An adder skeleton (D:9)
  A worm (D:5)
  3 giant geckos
  34 orcs
  21 bats
  A bat zombie (D:7)
  3 giant cockroaches
  18 hobgoblins
  6 quokkas
  A ball python (D:3)
  2 giant newts
  A giant spore (D:9)
  7 goblins
  25 jackals
  2 jackal skeletons
  30 kobolds
  9 rats
  4 ballistomycetes
341 creatures vanquished.

Vanquished Creatures (others)
  An orc warrior (D:11)
  An orc priest (D:11)
  A bat (D:1)
  A giant spore (D:5)
4 creatures vanquished.

Grand Total: 345 creatures vanquished

Notes
Turn   | Place    | Note
--------------------------------------------------------------
     0 | D:1      | oplop, the Kobold Berserker, began the quest for the Orb.
     0 | D:1      | Reached XP level 1. HP: 14/14 MP: 1/1
   225 | D:1      | Reached XP level 2. HP: 9/19 MP: 2/2
   434 | D:1      | Reached XP level 3. HP: 7/24 MP: 3/3
   842 | D:1      | Acquired Trog's second power
  1049 | D:2      | Reached XP level 4. HP: 25/29 MP: 4/4
  1067 | D:2      | Noticed Sigmund
  1074 | D:2      | Killed Sigmund
  1074 | D:2      | Reached skill level 5 in Short Blades
  1074 | D:2      | Reached XP level 5. HP: 34/34 MP: 5/5
  1074 | D:2      | Reached XP level 6. HP: 40/40 MP: 6/6
  1106 | D:2      | Found a white marble altar of Elyvilon.
  1106 | D:2      | Found a deep blue altar of Sif Muna.
  1334 | D:2      | Reached skill level 5 in Fighting
  1532 | D:2      | Found a glowing golden altar of the Shining One.
  2473 | D:3      | Found a shadowy altar of Dithmenos.
  2474 | D:3      | Found an ancient bone altar of Kikubaaqudgha.
  2920 | D:4      | Reached skill level 6 in Short Blades
  2983 | D:4      | Found Gypidgh's Antique Armour Emporium.
  3365 | D:4      | Found Xoam's Antique Armour Emporium.
  3584 | D:4      | Found Huosul's Weapon Boutique.
  3624 | D:5      | Entered Level 5 of the Dungeon
  3624 | D:5      | Found Xiplubih's Assorted Antiques.
  3741 | D:5      | Reached XP level 7. HP: 24/44 MP: 7/7
  3744 | D:5      | Reached skill level 5 in Dodging
  3848 | D:5      | Reached skill level 7 in Short Blades
  3955 | D:5      | Found a staircase to the Ecumenical Temple.
  4012 | D:5      | Got a faintly humming robe
  4023 | D:5      | Identified the +0 robe of the Amoeba {Dex+3} (You found it on level 5 of the Dungeon)
  4130 | D:5      | Found a shattered altar of Ashenzari.
  4511 | D:6      | Reached XP level 8. HP: 21/52 MP: 8/8
  5127 | D:6      | Found a blossoming altar of Fedhas.
  5192 | D:6      | Found an opulent altar of Gozag.
  5260 | D:6      | Acquired Trog's third power
  5287 | D:6      | Reached skill level 8 in Short Blades
  5296 | D:6      | HP: 2/52 [sky beast (6)]
  5305 | D:6      | HP: 2/52 [gnoll/flail (5)]
  5314 | D:6      | Found a snail-covered altar of Cheibriados.
  5399 | D:6      | HP: 2/79 [wyvern zombie (9)]
  5615 | D:6      | Found a bloodstained altar of Trog.
  5780 | D:7      | Reached XP level 9. HP: 48/57 MP: 9/9
  6052 | D:5      | Bought a smoking hunting sling for 162 gold pieces
  6052 | D:5      | Identified the +1 hunting sling "Amal" {flame, rPois MP+9 Int+4} (You bought it in a shop on level 5 of the Dungeon)
  6083 | D:7      | Noticed sose's ghost (experienced VSIE)
  6098 | D:7      | Killed sose's ghost
  6098 | D:7      | Reached skill level 9 in Short Blades
  6174 | D:7      | Got a faintly humming scale mail
  6185 | D:7      | Identified the cursed +0 scale mail "Quschirhusm" {Str-2 Int+3 Dex+12} (You found it on level 7 of the Dungeon)
  7108 | D:8      | Found a staircase to the Lair.
  7111 | D:8      | Noticed an elephant
  7126 | D:8      | Reached skill level 5 in Slings
  7131 | D:8      | Received a gift from Trog
  7157 | D:8      | Noticed a polar bear
  7158 | D:8      | Noticed a polar bear
  7181 | D:8      | Killed an elephant
  7181 | D:8      | Reached XP level 10. HP: 22/67 MP: 10/10
  7188 | D:8      | HP: 2/67 [polar bear (2)]
  7193 | D:8      | Killed a polar bear
  7198 | D:8      | Killed a polar bear
  7198 | D:8      | Reached skill level 10 in Fighting
  7319 | D:8      | Noticed a polar bear
  7365 | D:8      | Received a gift from Trog
  7395 | D:8      | Found a shadowy altar of Dithmenos.
  7443 | D:8      | Noticed a polar bear
  7458 | D:8      | Killed a polar bear
  7701 | D:8      | Killed a polar bear
  7701 | D:8      | Reached skill level 11 in Fighting
  8211 | D:9      | Received a gift from Trog
  8342 | D:9      | Reached XP level 11. HP: 64/74 MP: 7/11
  8443 | D:9      | Found a shimmering altar of Xom.
  8491 | D:9      | Noticed a hill giant
  8508 | D:9      | Killed a hill giant
  8641 | D:9      | Found a staircase to the Orcish Mines.
  8740 | D:9      | Found a shimmering altar of Xom.
  8772 | D:9      | Noticed Psyche
  8783 | D:9      | Killed Psyche
  8810 | D:9      | Found a roughly hewn altar of Beogh.
  8991 | D:9      | Reached skill level 12 in Fighting
  9114 | D:9      | Found a sparkling altar of Nemelex Xobeh.
  9196 | D:10     | Entered Level 10 of the Dungeon
 10106 | D:11     | Reached skill level 10 in Dodging
 10139 | D:11     | HP: 3/76 [yak (9)]
 10374 | D:11     | Noticed Nergalle
 10400 | D:11     | Killed Nergalle
 10472 | D:11     | Reached XP level 12. HP: 75/82 MP: 10/12
 10703 | D:11     | Noticed Sonja
 10727 | D:11     | Killed Sonja
 10727 | D:11     | Reached skill level 13 in Fighting
 10965 | D:11     | Noticed a cyclops
 10982 | D:11     | Killed a cyclops
 11128 | D:12     | Gained mutation: You are dopey. (Int -2) [potion of mutation]
 11128 | D:12     | Gained mutation: You can breathe flames. [potion of mutation]
 11128 | D:12     | Gained mutation: You are robust (+10% HP). [potion of mutation]
 11190 | D:12     | Received a gift from Trog
 12223 | D:12     | Identified a +0 rod of ignition (13/13) (You found it on level 12 of the Dungeon)
 12243 | D:12     | HP: 3/92 [very large slime creature (48)]
 12297 | D:12     | HP: 3/92 [slime creature (10)]
 12306 | D:12     | Slain by a slime creature

Action                   |  1- 3 |  4- 6 |  7- 9 | 10-12 || total
-------------------------+-------+-------+-------+-------++-------
Melee: Short sword       |   100 |   235 |     9 |       ||   344
       Dagger            |       |       |   434 |   963 ||  1397
       Unarmed           |       |       |       |     5 ||     5
 Fire: Hunting sling     |       |       |    51 |   110 ||   161
Invok: Berserk           |       |     4 |     8 |    16 ||    28
       Trog's Hand       |       |     2 |     6 |     9 ||    17
 Abil: Breathe Fire      |       |       |       |     1 ||     1
Evoke: Wand              |       |       |     1 |     1 ||     2
       Rod               |       |       |       |     2 ||     2
  Use: Potion            |     1 |       |     7 |     7 ||    15
       Scroll            |       |     7 |     7 |     9 ||    23
 Stab: Sleeping          |       |     1 |     2 |       ||     3
       Invisible         |       |       |       |     4 ||     4
  Eat: Chunk             |     5 |    14 |    21 |    26 ||    66
       Royal jelly       |       |       |       |     3 ||     3
       Pizza             |       |       |       |     1 ||     1
